 Dungeon Crawl Stone Soup version 0.22-a0-429-g97ce8ef (webtiles) character file.

5 Gorglomux the Ducker (level 1, -12/11 HPs)
             Began as a Spriggan Berserker on May 25, 2018.
             Mangled by a polar bear (20 damage)
             ... created by the rage of Trog
             ... on level 1 of the Dungeon.
             The game lasted 00:00:18 (84 turns).

Gorglomux the Ducker (Spriggan Berserker)             Turns: 84, Time: 00:00:18

Health: -12/11     AC:  2    Str: 13    XL:     1   Next: 66%
Magic:  2/2        EV: 19    Int:  8    God:
Gold:   0          SH:  0    Dex: 15    Spells: 0/0 levels left

rFire    . . .     SeeInvis +   a - +0 short sword
rCold    . . .     Gourm    .   (shield restricted)
rNeg     . . .     Faith    .   b - +0 animal skin
rPois    .         Spirit   .   (helmet restricted)
rElec    .         Reflect  .   (no cloak)
rCorr    .         Harm     .   (gloves unavailable)
MR       .....                  (boots unavailable)
Stlth    +.........             (no amulet)
HPRegen  0.03/turn              (no ring)
MPRegen  0.08/turn              (no ring)

@: very quick
A: very small, unfitting armour, see invisible, herbivore, speed 3, slow
metabolism 2
a: no special abilities


You were on level 1 of the Dungeon.
You were not hungry.

You visited 1 branch of the dungeon, and saw 1 of its levels.

Inventory:

Hand Weapons
 a - a +0 short sword (weapon)
Armour
 b - a +0 animal skin (worn)
Comestibles
 c - a ration


   Skills:
 + Level 2.7 Fighting
 - Level 3.2 Short Blades
 - Level 4.4 Dodging


You couldn't memorise any spells.
You didn't know any spells.
Your spell library was empty.

Dungeon Overview and Level Annotations

Branches:
Dungeon (1/15)

Altars:


Innate Abilities, Weirdness & Mutations

You are very small and have problems with some larger weapons.
You are too small for most types of armour.
You have supernaturally acute eyesight. (SInv)
You are a herbivore.
You cover ground extremely quickly.
You need to consume almost no food.


Message History

You stick the butt like a pincushion!
You annihilate the kobold!!!
The bat completely misses you!
The goblin shouts!!!
You butt a shout!!!
The bat barely misses you!
There are monsters nearby!!!
You perforate the bat like a sieve!
You annihilate the bat!!!
Butt sends monsters to punish you!
A polar bear and a black bear come into view!
You skewer the polar bear but do no damage!
You skewer the polar bear but do no damage!
The black bear closely misses you! x2; The black bear claws you!
The polar bear misses you! The polar bear barely misses you!
The polar bear claws you but does no damage!
You stick the polar bear but do no damage!
The black bear barely misses you! The black bear closely misses you!
The black bear barely misses you! The polar bear bites you!!!!!!
DANG rip

....# ####### ##.##.##
......#######.......# .
#####.#.......##.##.#..
........##.##.#...#.)..
........#...#...........
..............#[..#.....
........#.......h##.....
........##.#.##)@g......
..#####......##(#h##..##
......##.##........# .
......##.#...#.......
......# .... ..#$..#..
........ #. .#. #.##....
......## # .##. .. ...
..##### .. .. .. .. ..#


You could see a polar bear (berserk), a black bear (berserk) and a goblin.

Vanquished Creatures
  3 bats (D:1)
  2 kobolds (D:1)
5 creatures vanquished.

Notes
Turn   | Place    | Note
-------+----------+-------------------------------------------
     0 | D:1      | Gorglomux the Spriggan Berserker began the quest for the Orb.
     0 | D:1      | Reached XP level 1. HP: 11/11 MP: 2/2
     0 | D:1      | Fell from the grace of Trog
    82 | D:1      | Noticed a black bear
    82 | D:1      | Noticed a polar bear
    84 | D:1      | Mangled by a polar bear

Vault maps used:
D:1:      minmay_arrival_glassed_features, hangedman_decor_clover_reticule

Action                   || total
-------------------------++-------
Melee: Short sword       ||    34
Invok: Renounce Religion ||     1
 Stab: Sleeping          ||     1
Armor: Animal skin       ||     7
Dodge: Dodged            ||    58

Table legend:
 A = Spawn XP
 B = Non-spawn XP
 C = Spawn XP percentage of total XP
 D = Spawn monster count
 E = Non-spawn monster count
 F = Spawn count percentage of total count
 G = Total turns spent on level
                    A         B        C        D         E        F      G
               +---------+---------+-------+---------+---------+-------+---------
         Total |       0 |       8 |   0.0 |       0 |       5 |   0.0 |    84
               +---------+---------+-------+---------+---------+-------+---------
           D:1 |       0 |       8 |   0.0 |       0 |       5 |   0.0 |    84
               +---------+---------+-------+---------+---------+-------+---------
